Senators vs Sasquatch
(R1)
Created - 13 octobre 2015 at 19:00
Goals
|
| Senators |
2 |
1 |
3 |
6 |
| Sasquatch |
2 |
1 |
1 |
4 |
|
Shots
|
| Senators |
19 |
9 |
9 |
37 |
| Sasquatch |
8 |
12 |
19 |
39 |
|
1st period
1. Senators , Gabriel Bourque 1 (Mark Olver, Vernon Fiddler) at 9:56
2. Sasquatch , Linus Omark 3 (Kevin Porter) at 11:55
3. Senators , Nikita Alexeev 2 (Vernon Fiddler) at 13:22
4. Sasquatch , Jason Akeson 3 (Kevin Porter) at 17:40
Penalties :
Yann Sauvé (Gat) for Hooking (Minor) at 13:25
2nd period
5. Senators , Vernon Fiddler 3 (Nikita Alexeev, Vladimir Mihalik) at 0:34
6. Sasquatch , Matt Niskanen 1 (D.J King, Jason Akeson) at 10:31 (PP)
Penalties :
Kevin Klein (Gat) for Tripping (Minor) at 1:07, Vladimir Mihalik (BIN) for Interference (Minor) at 5:51, Vernon Fiddler (BIN) for Hooking (Minor) at 10:15, Matt Frattin (BIN) for Cross-checking (Minor) at 15:16, Jason Akeson (Gat) for Hooking (Minor) at 18:11
3rd period
7. Senators , Vernon Fiddler 4 (Nikita Alexeev) at 4:08 (PP)
8. Sasquatch , D.J King 4 (Cam Atkinson) at 8:54
9. Senators , Brett Sterling 2 (Stanislav Chistov, Nicolas Deslauriers) at 10:21
10. Senators , Erik Karlsson 1 (Vernon Fiddler, Nikita Alexeev) at 13:41
Penalties :
Cam Fowler (Gat) for High sticking (Minor) at 4:05, D.J King (Gat) for Hooking (Minor) at 6:47, Erik Karlsson (BIN) for Interference (Minor) at 10:43, Gabriel Bourque (BIN) for Tripping (Minor) at 18:37
Goalie Stats
Jonas Gustavsson (BIN), 35 saves from 39 shots - (0,897), W, 1-2-1, 60:00 minutes
Anders Lindback (Gat), 31 saves from 37 shots - (0,838), L, 1-2-1, 60:00 minutes
Players Stats for Senators
Player Name G A P +/- PIM S H SB GA TA FO MP PP MP PK MP
------------------------------------------------------------------------------------
Brett Sterling 1 0 1 1 0 1 2 0 0 1 0/1 18:11 3:53 1:18
Cody Hodgson 0 0 0 1 0 4 0 0 1 0 12/22 16:53 3:53 0:00
Erik Karlsson 1 0 1 1 2 2 3 0 1 0 0/0 25:54 3:45 3:14
Gabriel Bourque 1 0 1 0 2 2 1 0 0 0 0/0 8:26 0:13 0:00
Jack Skille 0 0 0 0 0 3 3 0 0 0 0/0 9:24 1:08 0:00
Jaden Schwartz 0 0 0 -1 0 3 0 0 1 0 0/0 7:28 0:00 0:00
Logan Stephenson 0 0 0 0 0 1 1 1 0 1 0/0 23:34 3:32 3:10
Mark Olver 0 1 1 0 0 0 0 1 1 0 4/6 8:58 0:44 0:00
Martin Marincin 0 0 0 1 0 0 0 1 0 1 0/0 9:39 0:42 0:09
Matt Frattin 0 0 0 -1 2 2 1 0 0 0 1/1 9:14 0:35 1:08
Nick Bjugstad 0 0 0 -1 0 0 1 0 0 0 2/4 8:06 0:13 0:25
Nicolas Deslauriers 0 1 1 2 0 0 0 1 0 0 0/0 12:48 0:42 2:43
Nikita Alexeev 1 3 4 2 0 7 2 2 0 0 0/1 23:16 3:07 4:36
Sergei Kostitsyn 0 0 0 1 0 1 0 0 0 0 1/2 19:35 3:09 1:41
Shane Sims 0 0 0 0 0 0 0 0 1 0 0/0 21:11 3:32 2:41
Stanislav Chistov 0 1 1 1 0 4 1 1 3 0 0/0 18:43 3:53 1:41
Vernon Fiddler 2 3 5 2 2 7 1 0 0 0 17/31 23:04 3:09 4:21
Vladimir Mihalik 0 1 1 1 2 0 6 1 1 0 0/0 27:56 3:45 3:13
Players Stats for Sasquatch
Player Name G A P +/- PIM S H SB GA TA FO MP PP MP PK MP
------------------------------------------------------------------------------------
Brock Trotter 0 0 0 -1 0 1 0 0 0 0 0/0 8:57 0:00 1:46
Cam Atkinson 0 1 1 -2 0 1 0 0 0 1 2/4 15:50 0:00 0:00
Cam Fowler 0 0 0 0 2 1 2 0 0 1 0/0 16:29 4:34 3:22
D.J King 1 1 2 -2 2 9 1 1 1 2 0/0 22:58 3:37 3:13
Derek Stepan 0 0 0 -2 0 3 2 0 0 0 12/30 19:26 3:34 0:00
Ian Cole 0 0 0 -1 0 3 1 0 0 0 0/0 11:35 0:00 0:44
Jason Akeson 1 1 2 2 2 1 2 0 0 0 0/0 15:56 3:33 0:00
Jesper Fast 0 0 0 -1 0 0 0 0 0 0 0/0 8:18 0:00 0:00
Josh Bailey 0 0 0 -1 0 1 1 0 0 0 0/0 9:51 0:13 0:44
Kevin Klein 0 0 0 1 2 2 4 2 0 1 0/0 26:16 3:01 2:26
Kevin Porter 0 2 2 2 0 1 2 1 0 0 11/21 20:04 3:58 3:39
Linus Omark 1 0 1 2 0 4 1 1 0 1 0/2 17:57 3:58 1:43
Matt D'Agostini 0 0 0 -1 0 3 2 0 0 1 0/1 13:42 3:49 2:07
Matt Niskanen 1 0 1 -3 0 2 1 1 0 0 0/0 23:06 4:34 3:22
Mikael Backlund 0 0 0 -1 0 3 2 0 1 0 4/7 10:36 0:00 1:43
Nick Leddy 0 0 0 1 0 2 0 2 0 2 0/0 25:42 3:01 2:32
Stephane Da Costa 0 0 0 -1 0 1 1 1 0 0 2/3 8:20 0:03 1:03
Yann Sauvé 0 0 0 -2 2 1 3 1 1 0 0/0 16:53 0:00 3:32
3 Stars
1 - Vernon Fiddler (BIN)
2 - Nikita Alexeev (BIN)
3 - Jason Akeson (Gat)
Power Play
Senators - 1 on 5 Attempt(s) - 20,00%
Sasquatch - 1 on 5 Attempt(s) - 20,00%
Penalty Kill
Senators - 4 on 5 Attempt(s) - 80,00%
- Score 0 goal in Penalty Kill
Sasquatch - 4 on 5 Attempt(s) - 80,00%
- Score 0 goal in Penalty Kill
Team Stat
Senators - Hits : 22 - Faceoff Wins : 37 - Blocked Shots : 8 - Penalty Minutes : 10
Sasquatch - Hits : 25 - Faceoff Wins : 31 - Blocked Shots : 10 - Penalty Minutes : 10
Official
Referees : Lee Chris and Morton Dean
Linesman : Greg Devorski and Don Henderson
Game Notes
10:31 of 2nd period - Sasquatch goal is going for a video replay. After video review, Goal.
Finance
Level 1 -- Attendance: 1365 (68,25%) -- Ticket Income 47 775 $
Level 2 -- Attendance: 786 (78,60%) -- Ticket Income 11 790 $
Total Attendance: 2151 (71,70%)
Total Ticket Income: 59 565 $
Other Income: 2 978 $
Total Income: 62 543 $
Senators
5 vs 5 Forward
Center Left Wing Right Wing Time % Phy DF OF
1 Vernon Fiddler Sergei Kostitsyn Nikita Alexeev 40 1 2 2
2 Cody Hodgson Brett Sterling Stanislav Chistov 30 1 2 2
3 Mark Olver Gabriel Bourque Jack Skille 20 1 2 2
4 Nick Bjugstad Jaden Schwartz Matt Frattin 10 1 2 2
5 vs 5 Defense
Defense Defense Time % Phy DF OF
1 Vladimir Mihalik Erik Karlsson 40 1 2 2
2 Logan Stephenson Shane Sims 30 1 2 2
3 Martin Marincin Nicolas Deslauriers 20 1 2 2
4 Vladimir Mihalik Logan Stephenson 10 1 2 2
PowerPlay Forward
Center Left Wing Right Wing Time % Phy DF OF
1 Vernon Fiddler Sergei Kostitsyn Nikita Alexeev 60 1 2 2
2 Cody Hodgson Brett Sterling Stanislav Chistov 40 1 2 2
PowerPlay Defense
Defense Defense Time % Phy DF OF
1 Vladimir Mihalik Erik Karlsson 60 1 2 2
2 Logan Stephenson Shane Sims 40 1 2 2
Penalty Kill 4 Players Forward
Center Wing Time % Phy DF OF
1 Vernon Fiddler Nikita Alexeev 60 1 2 2
2 Stanislav Chistov Sergei Kostitsyn 40 1 2 2
Penalty Kill 4 Players Defense
Defense Defense Time % Phy DF OF
1 Vladimir Mihalik Erik Karlsson 60 1 2 2
2 Logan Stephenson Shane Sims 40 1 2 2
Penalty Kill - 3 Players Forward
Forward Time % Phy DF OF
1 Vernon Fiddler 60 1 2 2
2 Nikita Alexeev 40 1 2 2
Penalty Kill - 3 Players Defense
Defense Defense Time % Phy DF OF
1 Vladimir Mihalik Erik Karlsson 60 1 2 2
2 Logan Stephenson Shane Sims 40 1 2 2
4 vs 4 Forward
Center Wing Time % Phy DF OF
1 Vernon Fiddler Nikita Alexeev 60 1 2 2
2 Stanislav Chistov Sergei Kostitsyn 40 1 2 2
4 vs 4 Defense
Defense Defense Time % Phy DF OF
1 Vladimir Mihalik Erik Karlsson 60 1 2 2
2 Logan Stephenson Shane Sims 40 1 2 2
Last Minutes Offensive
Center Left Wing Right Wing Defense Defense
Vernon Fiddler Sergei Kostitsyn Nikita Alexeev Vladimir Mihalik Logan Stephenson
Last Minutes Defensive
Center Left Wing Right Wing Defense Defense
Vernon Fiddler Sergei Kostitsyn Nikita Alexeev Vladimir Mihalik Logan Stephenson
Goaltenders
Starting : Jonas Gustavsson
Backup : Alexander Salak
Extra Forwards
Normal : Jack Skille, Mark Olver, Matt Frattin - PP : Jack Skille, Mark Olver - PK : Matt Frattin
Extra Defensemen
Normal : Martin Marincin, Nicolas Deslauriers, Erik Karlsson - PP : Martin Marincin - PK : Nicolas Deslauriers, Erik Karlsson
Penalty Shots
Vernon Fiddler, Nikita Alexeev, Stanislav Chistov, Sergei Kostitsyn, Cody Hodgson
Sasquatch
5 vs 5 Forward
Center Left Wing Right Wing Time % Phy DF OF
1 Derek Stepan D.J King Cam Atkinson 40 1 2 2
2 Kevin Porter Linus Omark Jason Akeson 30 1 2 2
3 Mikael Backlund Josh Bailey Matt D'Agostini 20 1 2 2
4 Stephane Da Costa Brock Trotter Jesper Fast 10 1 2 2
5 vs 5 Defense
Defense Defense Time % Phy DF OF
1 Kevin Klein Nick Leddy 40 1 2 2
2 Matt Niskanen Yann Sauvé 30 1 2 2
3 Cam Fowler Ian Cole 20 1 2 2
4 Matt Niskanen Ian Cole 10 1 2 2
PowerPlay Forward
Center Left Wing Right Wing Time % Phy DF OF
1 Derek Stepan D.J King Jason Akeson 60 1 2 2
2 Kevin Porter Linus Omark Matt D'Agostini 40 1 2 2
PowerPlay Defense
Defense Defense Time % Phy DF OF
1 Kevin Klein Nick Leddy 60 1 2 2
2 Cam Fowler Matt Niskanen 40 1 2 2
Penalty Kill 4 Players Forward
Center Wing Time % Phy DF OF
1 Kevin Porter D.J King 60 1 2 2
2 Mikael Backlund Linus Omark 40 1 2 2
Penalty Kill 4 Players Defense
Defense Defense Time % Phy DF OF
1 Kevin Klein Yann Sauvé 60 1 2 2
2 Cam Fowler Matt Niskanen 40 1 2 2
Penalty Kill - 3 Players Forward
Forward Time % Phy DF OF
1 Kevin Porter 60 1 2 2
2 D.J King 40 1 2 2
Penalty Kill - 3 Players Defense
Defense Defense Time % Phy DF OF
1 Kevin Klein Cam Fowler 60 1 2 2
2 Matt Niskanen Yann Sauvé 40 1 2 2
4 vs 4 Forward
Center Wing Time % Phy DF OF
1 Kevin Porter D.J King 60 1 2 2
2 Derek Stepan Linus Omark 40 1 2 2
4 vs 4 Defense
Defense Defense Time % Phy DF OF
1 Kevin Klein Yann Sauvé 60 1 2 2
2 Matt Niskanen Ian Cole 40 1 2 2
Last Minutes Offensive
Center Left Wing Right Wing Defense Defense
Derek Stepan D.J King Cam Atkinson Kevin Klein Nick Leddy
Last Minutes Defensive
Center Left Wing Right Wing Defense Defense
Kevin Porter D.J King Cam Atkinson Kevin Klein Yann Sauvé
Goaltenders
Starting : Anders Lindback
Backup : Jake Allen
Extra Forwards
Normal : Josh Bailey, Stephane Da Costa, Jesper Fast - PP : Josh Bailey, Stephane Da Costa - PK : Matt D'Agostini
Extra Defensemen
Normal : Yann Sauvé, Nick Leddy, Matt Niskanen - PP : Yann Sauvé - PK : Nick Leddy, Matt Niskanen
Penalty Shots
Cam Atkinson, Linus Omark, Matt D'Agostini, Mikael Backlund, Jason Akeson
% Time on Ice - Senators
Lines # - Real PCT - Wanted PCT - Time Play
Normal Forward
1 - 35% - 40% - 15:35
2 - 30% - 30% - 13:09
3 - 19% - 20% - 8:14
4 - 17% - 10% - 7:28
Normal Defense
1 - 44% - 40% - 19:20
2 - 34% - 30% - 14:58
3 - 18% - 20% - 8:10
4 - 4% - 10% - 1:58
PP Forward
1 - 41% - 60% - 3:18
2 - 59% - 40% - 4:41
PP Defense
1 - 56% - 60% - 4:27
2 - 44% - 40% - 3:32
PK Forward
1 - 78% - 60% - 5:54
2 - 22% - 40% - 1:41
PK Defense
1 - 65% - 60% - 4:54
2 - 35% - 40% - 2:41
PK3 Forward
1 - 0% - 60%
2 - 0% - 40%
PK3 Defense
1 - 0% - 60%
2 - 0% - 40%
44 Forward
1 - 0% - 60%
2 - 0% - 40%
44 Defense
1 - 0% - 60%
2 - 0% - 40%
Last Minute Offensive - 0:00
Last Minute Defensive - 0:00
Total
Forward - 60:00
Defense - 60:00
|
% Time on Ice - Sasquatch
Lines # - Real PCT - Wanted PCT - Time Play
Normal Forward
1 - 36% - 40% - 16:10
2 - 28% - 30% - 12:16
3 - 20% - 20% - 8:50
4 - 16% - 10% - 7:10
Normal Defense
1 - 46% - 40% - 20:35
2 - 29% - 30% - 13:00
3 - 19% - 20% - 8:26
4 - 5% - 10% - 2:25
PP Forward
1 - 48% - 60% - 3:37
2 - 52% - 40% - 3:58
PP Defense
1 - 40% - 60% - 3:01
2 - 60% - 40% - 4:34
PK Forward
1 - 78% - 60% - 6:16
2 - 22% - 40% - 1:43
PK Defense
1 - 60% - 60% - 4:46
2 - 40% - 40% - 3:13
PK3 Forward
1 - 0% - 60%
2 - 0% - 40%
PK3 Defense
1 - 0% - 60%
2 - 0% - 40%
44 Forward
1 - 0% - 60%
2 - 0% - 40%
44 Defense
1 - 0% - 60%
2 - 0% - 40%
Last Minute Offensive - 0:00
Last Minute Defensive - 0:00
Total
Forward - 60:00
Defense - 60:00
|
Play by Play
1st period
0:01 of 1st period - Derek Stepan wins face-off versus Vernon Fiddler in neutral zone.
0:04 of 1st period - Vernon Fiddler is hit by Kevin Klein.
0:14 of 1st period - Wrist shot by Nikita Alexeev.
0:14 of 1st period - Stopped by Anders Lindback without a rebound.
0:15 of 1st period - Cody Hodgson wins face-off versus Kevin Porter in Sasquatch zone.
0:30 of 1st period - Wrist shot by Stanislav Chistov.
0:30 of 1st period - Shot Misses the Net.
0:40 of 1st period - Jason Akeson is hit by Matt Frattin and loses puck.
0:49 of 1st period - Wrist shot by Jaden Schwartz.
0:49 of 1st period - Stopped by Anders Lindback with a rebound.
0:51 of 1st period - Snap shot by Jaden Schwartz.
0:51 of 1st period - Stopped by Anders Lindback without a rebound.
0:52 of 1st period - Mikael Backlund wins face-off versus Mark Olver in Sasquatch zone.
0:52 of 1st period - Mikael Backlund is hit by Jack Skille.
0:55 of 1st period - Icing by Matt D'Agostini.
0:56 of 1st period - Mikael Backlund wins face-off versus Mark Olver in Sasquatch zone.
1:23 of 1st period - Vladimir Mihalik is hit by Ian Cole and loses puck.
1:44 of 1st period - Snap shot by Cody Hodgson.
1:44 of 1st period - Shot Hit the Post.
1:46 of 1st period - Slapshot by Erik Karlsson.
1:46 of 1st period - Shot Blocked by Nick Leddy.
1:48 of 1st period - Snap shot by Vladimir Mihalik.
1:48 of 1st period - Deflect By Cody Hodgson.
1:48 of 1st period - Stopped by Anders Lindback with a rebound.
1:50 of 1st period - Slapshot by Brett Sterling.
1:50 of 1st period - Shot Misses the Net.
2:32 of 1st period - Snap shot by Mikael Backlund.
2:32 of 1st period - Stopped by Jonas Gustavsson with a rebound.
2:44 of 1st period - Slapshot by Nikita Alexeev.
2:44 of 1st period - Stopped by Anders Lindback with a rebound.
2:46 of 1st period - Snap shot by Vernon Fiddler.
2:46 of 1st period - Stopped by Anders Lindback with a rebound.
2:48 of 1st period - Wrist shot by Vernon Fiddler.
2:48 of 1st period - Stopped by Anders Lindback without a rebound.
2:49 of 1st period - Derek Stepan wins face-off versus Nikita Alexeev in Sasquatch zone.
3:12 of 1st period - Slapshot by Nikita Alexeev.
3:12 of 1st period - Stopped by Anders Lindback with a rebound.
3:14 of 1st period - Slapshot by Vladimir Mihalik.
3:14 of 1st period - Shot Misses the Net.
3:16 of 1st period - Slapshot by Erik Karlsson.
3:16 of 1st period - Stopped by Anders Lindback without a rebound.
3:17 of 1st period - Cody Hodgson wins face-off versus Kevin Porter in Sasquatch zone.
3:30 of 1st period - Snap shot by Stanislav Chistov.
3:30 of 1st period - Stopped by Anders Lindback without a rebound.
3:31 of 1st period - Derek Stepan wins face-off versus Vernon Fiddler in Sasquatch zone.
3:31 of 1st period - Derek Stepan is hit by Vladimir Mihalik.
3:45 of 1st period - D.J King is hit by Vladimir Mihalik and loses puck.
3:56 of 1st period - Logan Stephenson is hit by Mikael Backlund and loses puck.
4:03 of 1st period - Snap shot by Mikael Backlund.
4:03 of 1st period - Deflect By Josh Bailey.
4:03 of 1st period - Shot Misses the Net.
4:03 of 1st period - Puck is out of play.
4:04 of 1st period - Vernon Fiddler wins face-off versus Kevin Porter in Senators zone.
4:04 of 1st period - Vernon Fiddler is hit by Kevin Porter.
4:12 of 1st period - Snap shot by Nikita Alexeev.
4:12 of 1st period - Stopped by Anders Lindback with a rebound.
4:14 of 1st period - Slapshot by Logan Stephenson.
4:14 of 1st period - Stopped by Anders Lindback with a rebound.
4:16 of 1st period - Slapshot by Logan Stephenson.
4:16 of 1st period - Shot Misses the Net.
4:56 of 1st period - Stephane Da Costa is hit by Erik Karlsson and loses puck.
5:11 of 1st period - Erik Karlsson is hit by Stephane Da Costa and loses puck.
5:17 of 1st period - Icing by Matt Frattin.
5:18 of 1st period - Mikael Backlund wins face-off versus Nick Bjugstad in Senators zone.
5:57 of 1st period - Snap shot by Matt Frattin.
5:57 of 1st period - Deflect By Nick Bjugstad.
5:57 of 1st period - Shot Blocked by Kevin Klein.
5:57 of 1st period - Puck is out of play.
5:58 of 1st period - Derek Stepan wins face-off versus Cody Hodgson in Sasquatch zone.
6:13 of 1st period - Slapshot by Cam Atkinson.
6:13 of 1st period - Stopped by Jonas Gustavsson with a rebound.
7:05 of 1st period - Slapshot by Sergei Kostitsyn.
7:05 of 1st period - Stopped by Anders Lindback without a rebound.
7:06 of 1st period - Cody Hodgson wins face-off versus Cam Atkinson in Sasquatch zone.
7:58 of 1st period - Nick Leddy is hit by Vladimir Mihalik and loses puck.
8:17 of 1st period - Kevin Klein is hit by Nick Bjugstad and loses puck.
8:43 of 1st period - Slapshot by Stephane Da Costa.
8:43 of 1st period - Deflect By Brock Trotter.
8:43 of 1st period - Shot Misses the Net.
8:43 of 1st period - Puck is out of play.
8:44 of 1st period - Derek Stepan wins face-off versus Cody Hodgson in Senators zone.
9:18 of 1st period - Snap shot by Stanislav Chistov.
9:18 of 1st period - Shot Misses the Net.
9:34 of 1st period - Wrist shot by Linus Omark.
9:34 of 1st period - Shot Misses the Net.
9:36 of 1st period - Slapshot by Yann Sauvé.
9:36 of 1st period - Stopped by Jonas Gustavsson with a rebound.
9:40 of 1st period - Wrist shot by Linus Omark.
9:40 of 1st period - Stopped by Jonas Gustavsson with a rebound.
9:56 of 1st period - Snap shot by Gabriel Bourque.
9:56 of 1st period - Goal by Gabriel Bourque - Senators : 1 - Sasquatch : 0.
9:57 of 1st period - Vernon Fiddler wins face-off versus Derek Stepan in neutral zone.
10:13 of 1st period - Snap shot by Nikita Alexeev.
10:13 of 1st period - Shot Misses the Net.
10:40 of 1st period - Vladimir Mihalik is hit by Jason Akeson and loses puck.
10:51 of 1st period - Wrist shot by Jack Skille.
10:51 of 1st period - Stopped by Anders Lindback with a rebound.
11:13 of 1st period - Ian Cole is hit by Nikita Alexeev and loses puck.
11:41 of 1st period - Snap shot by Matt Frattin.
11:41 of 1st period - Shot Misses the Net.
11:55 of 1st period - Slapshot by Linus Omark.
11:55 of 1st period - Goal by Linus Omark - Senators : 1 - Sasquatch : 1.
11:56 of 1st period - Vernon Fiddler wins face-off versus Derek Stepan in neutral zone.
12:01 of 1st period - Wrist shot by Nikita Alexeev.
12:01 of 1st period - Stopped by Anders Lindback without a rebound.
12:02 of 1st period - Derek Stepan wins face-off versus Vernon Fiddler in Sasquatch zone.
12:02 of 1st period - Derek Stepan is hit by Vernon Fiddler.
12:56 of 1st period - Snap shot by Sergei Kostitsyn.
12:56 of 1st period - Shot Blocked by D.J King.
13:22 of 1st period - Snap shot by Nikita Alexeev.
13:22 of 1st period - Goal by Nikita Alexeev - Senators : 2 - Sasquatch : 1.
13:23 of 1st period - Kevin Porter wins face-off versus Cody Hodgson in neutral zone.
13:25 of 1st period - Minor Penalty to Yann Sauvé for Hooking.
13:26 of 1st period - Kevin Porter wins face-off versus Cody Hodgson in Sasquatch zone.
13:34 of 1st period - Kevin Klein is hit by Vladimir Mihalik and loses puck.
15:25 of 1st period - Penalty to Yann Sauvé is over, Yann Sauvé is back on ice.
15:38 of 1st period - Snap shot by Matt Frattin.
15:38 of 1st period - Shot Misses the Net.
16:05 of 1st period - Matt D'Agostini is hit by Jack Skille and loses puck.
16:39 of 1st period - Martin Marincin is hit by Cam Fowler and loses puck.
16:52 of 1st period - Snap shot by Brock Trotter.
16:52 of 1st period - Shot Blocked by Mark Olver.
16:54 of 1st period - Slapshot by Kevin Klein.
16:54 of 1st period - Shot Blocked by Martin Marincin.
16:56 of 1st period - Snap shot by Nick Leddy.
16:56 of 1st period - Shot Hit the Post.
16:58 of 1st period - Slapshot by Kevin Klein.
16:58 of 1st period - Stopped by Jonas Gustavsson without a rebound.
16:59 of 1st period - Cody Hodgson wins face-off versus Derek Stepan in Senators zone.
17:04 of 1st period - Wrist shot by Derek Stepan.
17:04 of 1st period - Stopped by Jonas Gustavsson without a rebound.
17:05 of 1st period - Cody Hodgson wins face-off versus Derek Stepan in Senators zone.
17:40 of 1st period - Slapshot by Jason Akeson.
17:40 of 1st period - Goal by Jason Akeson - Senators : 2 - Sasquatch : 2.
17:41 of 1st period - Kevin Porter wins face-off versus Cody Hodgson in neutral zone.
17:50 of 1st period - Wrist shot by Linus Omark.
17:50 of 1st period - Shot Misses the Net.
18:07 of 1st period - Matt Niskanen is hit by Vladimir Mihalik and loses puck.
18:34 of 1st period - Snap shot by Gabriel Bourque.
18:34 of 1st period - Stopped by Anders Lindback with a rebound.
18:54 of 1st period - Wrist shot by Matt Frattin.
18:54 of 1st period - Stopped by Anders Lindback with a rebound.
19:01 of 1st period - Off-side.
19:02 of 1st period - Cody Hodgson wins face-off versus Kevin Porter in neutral zone.
19:12 of 1st period - Vladimir Mihalik is hit by Kevin Porter and loses puck.
Goals for this period are 2 for Senators vs 2 for Sasquatch.
Shots for this period are 19 for Senators vs 8 for Sasquatch.
2nd period
0:01 of 2nd period - Kevin Porter wins face-off versus Cody Hodgson in neutral zone.
0:14 of 2nd period - Snap shot by Stanislav Chistov.
0:14 of 2nd period - Deflect By Cody Hodgson.
0:14 of 2nd period - Shot Blocked by Linus Omark.
0:14 of 2nd period - Puck is out of play.
0:15 of 2nd period - Derek Stepan wins face-off versus Vernon Fiddler in Sasquatch zone.
0:26 of 2nd period - Snap shot by D.J King.
0:26 of 2nd period - Stopped by Jonas Gustavsson without a rebound.
0:27 of 2nd period - Sergei Kostitsyn wins face-off versus Derek Stepan in Senators zone.
0:34 of 2nd period - Wrist shot by Vernon Fiddler.
0:34 of 2nd period - Goal by Vernon Fiddler - Senators : 3 - Sasquatch : 2.
0:35 of 2nd period - Kevin Porter wins face-off versus Brett Sterling in neutral zone.
0:44 of 2nd period - Snap shot by Cody Hodgson.
0:44 of 2nd period - Stopped by Anders Lindback without a rebound.
0:45 of 2nd period - Kevin Porter wins face-off versus Cody Hodgson in Sasquatch zone.
1:07 of 2nd period - Minor Penalty to Kevin Klein for Tripping.
1:08 of 2nd period - Kevin Porter wins face-off versus Vernon Fiddler in Sasquatch zone.
1:36 of 2nd period - Slapshot by Vernon Fiddler.
1:36 of 2nd period - Stopped by Anders Lindback with a rebound.
1:42 of 2nd period - Wrist shot by Vernon Fiddler.
1:42 of 2nd period - Stopped by Anders Lindback without a rebound.
1:43 of 2nd period - Kevin Porter wins face-off versus Cody Hodgson in Sasquatch zone.
2:02 of 2nd period - Logan Stephenson is hit by Mikael Backlund and loses puck.
3:07 of 2nd period - Penalty to Kevin Klein is over, Kevin Klein is back on ice.
4:04 of 2nd period - Shane Sims is hit by Yann Sauvé and loses puck.
4:09 of 2nd period - Snap shot by Stephane Da Costa.
4:09 of 2nd period - Shot Misses the Net.
4:11 of 2nd period - Snap shot by Brock Trotter.
4:11 of 2nd period - Stopped by Jonas Gustavsson with a rebound.
4:24 of 2nd period - Icing by Kevin Klein.
4:25 of 2nd period - Nick Bjugstad wins face-off versus Mikael Backlund in Sasquatch zone.
4:44 of 2nd period - Backhand shot by Matt D'Agostini.
4:44 of 2nd period - Stopped by Jonas Gustavsson with a rebound.
5:08 of 2nd period - Wrist shot by Mikael Backlund.
5:08 of 2nd period - Shot Misses the Net.
5:10 of 2nd period - Wrist shot by Matt D'Agostini.
5:10 of 2nd period - Stopped by Jonas Gustavsson with a rebound.
5:29 of 2nd period - Off-side.
5:30 of 2nd period - Cam Atkinson wins face-off versus Vernon Fiddler in neutral zone.
5:51 of 2nd period - Minor Penalty to Vladimir Mihalik for Interference.
5:52 of 2nd period - Vernon Fiddler wins face-off versus Derek Stepan in Senators zone.
6:07 of 2nd period - Wrist shot by D.J King.
6:07 of 2nd period - Stopped by Jonas Gustavsson with a rebound.
6:41 of 2nd period - Sergei Kostitsyn is hit by Kevin Klein and loses puck.
7:04 of 2nd period - Nicolas Deslauriers is hit by Linus Omark and loses puck.
7:51 of 2nd period - Penalty to Vladimir Mihalik is over, Vladimir Mihalik is back on ice.
8:03 of 2nd period - Wrist shot by Jack Skille.
8:03 of 2nd period - Stopped by Anders Lindback with a rebound.
8:05 of 2nd period - Snap shot by Jack Skille.
8:05 of 2nd period - Stopped by Anders Lindback with a rebound.
8:21 of 2nd period - Cody Hodgson is hit by Josh Bailey.
9:14 of 2nd period - Josh Bailey is hit by Vladimir Mihalik and loses puck.
9:52 of 2nd period - Kevin Klein is hit by Jack Skille and loses puck.
10:08 of 2nd period - Slapshot by Nick Leddy.
10:08 of 2nd period - Stopped by Jonas Gustavsson without a rebound.
10:09 of 2nd period - Vernon Fiddler wins face-off versus Derek Stepan in Senators zone.
10:15 of 2nd period - Minor Penalty to Vernon Fiddler for Hooking.
10:16 of 2nd period - Matt Frattin wins face-off versus Derek Stepan in Senators zone.
10:16 of 2nd period - Matt Frattin is hit by Derek Stepan.
10:29 of 2nd period - Snap shot by D.J King.
10:29 of 2nd period - Stopped by Jonas Gustavsson with a rebound.
10:31 of 2nd period - Slapshot by Matt Niskanen.
10:31 of 2nd period - Sasquatch goal is going for a video replay.
10:31 of 2nd period - The goal is good.
10:31 of 2nd period - Goal by Matt Niskanen - Senators : 3 - Sasquatch : 3.
10:32 of 2nd period - Vernon Fiddler wins face-off versus Derek Stepan in neutral zone.
12:03 of 2nd period - Slapshot by Shane Sims.
12:03 of 2nd period - Deflect By Vernon Fiddler.
12:03 of 2nd period - Shot Misses the Net.
12:03 of 2nd period - Puck is out of play.
12:04 of 2nd period - Vernon Fiddler wins face-off versus Derek Stepan in Sasquatch zone.
12:18 of 2nd period - Wrist shot by D.J King.
12:18 of 2nd period - Stopped by Jonas Gustavsson without a rebound.
12:19 of 2nd period - Cody Hodgson wins face-off versus Kevin Porter in Senators zone.
12:19 of 2nd period - Cody Hodgson is hit by Kevin Klein.
12:49 of 2nd period - Snap shot by Erik Karlsson.
12:49 of 2nd period - Deflect By Sergei Kostitsyn.
12:49 of 2nd period - Shot Misses the Net.
12:49 of 2nd period - Puck is out of play.
12:50 of 2nd period - Derek Stepan wins face-off versus Vernon Fiddler in Sasquatch zone.
13:22 of 2nd period - Wrist shot by Linus Omark.
13:22 of 2nd period - Stopped by Jonas Gustavsson with a rebound.
13:40 of 2nd period - Icing by Vladimir Mihalik.
13:41 of 2nd period - Mark Olver wins face-off versus Stephane Da Costa in Senators zone.
13:41 of 2nd period - Mark Olver is hit by Kevin Klein.
13:52 of 2nd period - Off-side.
13:53 of 2nd period - Derek Stepan wins face-off versus Vernon Fiddler in neutral zone.
14:00 of 2nd period - Snap shot by Derek Stepan.
14:00 of 2nd period - Shot Misses the Net.
14:43 of 2nd period - Mark Olver is hit by Matt Niskanen and loses puck.
15:00 of 2nd period - Wrist shot by Mikael Backlund.
15:00 of 2nd period - Shot Misses the Net.
15:02 of 2nd period - Slapshot by Ian Cole.
15:02 of 2nd period - Stopped by Jonas Gustavsson with a rebound.
15:16 of 2nd period - Minor Penalty to Matt Frattin for Cross-checking.
15:17 of 2nd period - Vernon Fiddler wins face-off versus Derek Stepan in Senators zone.
15:17 of 2nd period - Vernon Fiddler is hit by Derek Stepan.
15:27 of 2nd period - Snap shot by Jason Akeson.
15:27 of 2nd period - Shot Misses the Net.
15:29 of 2nd period - Slapshot by Kevin Klein.
15:29 of 2nd period - Shot Blocked by Logan Stephenson.
16:18 of 2nd period - Derek Stepan is hit by Erik Karlsson and loses puck.
16:41 of 2nd period - Kevin Klein is hit by Logan Stephenson and loses puck.
16:45 of 2nd period - Icing by Nick Leddy.
16:46 of 2nd period - Vernon Fiddler wins face-off versus Derek Stepan in Sasquatch zone.
16:55 of 2nd period - Vernon Fiddler is hit by Matt D'Agostini and loses puck.
17:16 of 2nd period - Penalty to Matt Frattin is over, Matt Frattin is back on ice.
17:33 of 2nd period - Wrist shot by Stephane Da Costa.
17:33 of 2nd period - Stopped by Jonas Gustavsson without a rebound.
17:34 of 2nd period - Derek Stepan wins face-off versus Cody Hodgson in Senators zone.
17:35 of 2nd period - Wrist shot by Cam Atkinson.
17:35 of 2nd period - Shot Blocked by Stanislav Chistov.
17:48 of 2nd period - Off-side.
17:49 of 2nd period - Vernon Fiddler wins face-off versus Kevin Porter in neutral zone.
17:53 of 2nd period - Shane Sims is hit by Jason Akeson and loses puck.
18:01 of 2nd period - Wrist shot by Sergei Kostitsyn.
18:01 of 2nd period - Shot Misses the Net.
18:03 of 2nd period - Slapshot by Nikita Alexeev.
18:03 of 2nd period - Shot Misses the Net.
18:05 of 2nd period - Snap shot by Nikita Alexeev.
18:05 of 2nd period - Stopped by Anders Lindback with a rebound.
18:11 of 2nd period - Minor Penalty to Jason Akeson for Hooking.
18:12 of 2nd period - Kevin Porter wins face-off versus Sergei Kostitsyn in Sasquatch zone.
18:43 of 2nd period - Snap shot by Brett Sterling.
18:43 of 2nd period - Shot Hit the Post.
18:45 of 2nd period - Wrist shot by Stanislav Chistov.
18:45 of 2nd period - Stopped by Anders Lindback without a rebound.
18:46 of 2nd period - Cody Hodgson wins face-off versus Mikael Backlund in Sasquatch zone.
19:00 of 2nd period - Wrist shot by Stanislav Chistov.
19:00 of 2nd period - Stopped by Anders Lindback with a rebound.
19:15 of 2nd period - Wrist shot by Sergei Kostitsyn.
19:15 of 2nd period - Shot Misses the Net.
Goals for this period are 1 for Senators vs 1 for Sasquatch.
Shots for this period are 9 for Senators vs 12 for Sasquatch.
3rd period
0:01 of 3rd period - Kevin Porter wins face-off versus Vernon Fiddler in neutral zone.
0:11 of 3rd period - Penalty to Jason Akeson is over, Jason Akeson is back on ice.
0:32 of 3rd period - Off-side.
0:33 of 3rd period - Stephane Da Costa wins face-off versus Vernon Fiddler in neutral zone.
1:24 of 3rd period - Kevin Porter is hit by Gabriel Bourque.
1:27 of 3rd period - Off-side.
1:28 of 3rd period - Cam Atkinson wins face-off versus Vernon Fiddler in neutral zone.
2:04 of 3rd period - Slapshot by Kevin Porter.
2:04 of 3rd period - Stopped by Jonas Gustavsson without a rebound.
2:05 of 3rd period - Derek Stepan wins face-off versus Vernon Fiddler in Senators zone.
2:32 of 3rd period - Icing by Stanislav Chistov.
2:33 of 3rd period - Cody Hodgson wins face-off versus Kevin Porter in Senators zone.
3:31 of 3rd period - Wrist shot by Stanislav Chistov.
3:31 of 3rd period - Shot Misses the Net.
3:33 of 3rd period - Slapshot by Stanislav Chistov.
3:33 of 3rd period - Deflect By Nick Leddy.
3:33 of 3rd period - Stopped by Anders Lindback without a rebound.
3:34 of 3rd period - Vernon Fiddler wins face-off versus Derek Stepan in Sasquatch zone.
3:34 of 3rd period - Vernon Fiddler is hit by Yann Sauvé.
4:02 of 3rd period - Snap shot by Jaden Schwartz.
4:02 of 3rd period - Stopped by Anders Lindback without a rebound.
4:03 of 3rd period - Mikael Backlund wins face-off versus Nick Bjugstad in Sasquatch zone.
4:05 of 3rd period - Minor Penalty to Cam Fowler for High sticking.
4:06 of 3rd period - Vernon Fiddler wins face-off versus Kevin Porter in Sasquatch zone.
4:08 of 3rd period - Wrist shot by Vernon Fiddler.
4:08 of 3rd period - Goal by Vernon Fiddler - Senators : 4 - Sasquatch : 3.
4:09 of 3rd period - Vernon Fiddler wins face-off versus Derek Stepan in neutral zone.
4:34 of 3rd period - Snap shot by Mikael Backlund.
4:34 of 3rd period - Stopped by Jonas Gustavsson with a rebound.
4:57 of 3rd period - Wrist shot by Sergei Kostitsyn.
4:57 of 3rd period - Shot Misses the Net.
4:59 of 3rd period - Slapshot by Erik Karlsson.
4:59 of 3rd period - Shot Misses the Net.
5:01 of 3rd period - Wrist shot by Sergei Kostitsyn.
5:01 of 3rd period - Shot Misses the Net.
5:15 of 3rd period - Slapshot by Sergei Kostitsyn.
5:15 of 3rd period - Shot Misses the Net.
5:17 of 3rd period - Snap shot by Vernon Fiddler.
5:17 of 3rd period - Shot Misses the Net.
5:19 of 3rd period - Slapshot by Vernon Fiddler.
5:19 of 3rd period - Stopped by Anders Lindback with a rebound.
5:29 of 3rd period - Jason Akeson is hit by Nikita Alexeev and loses puck.
6:08 of 3rd period - Wrist shot by Vernon Fiddler.
6:08 of 3rd period - Shot Blocked by Kevin Porter.
6:10 of 3rd period - Slapshot by Erik Karlsson.
6:10 of 3rd period - Shot Misses the Net.
6:12 of 3rd period - Slapshot by Erik Karlsson.
6:12 of 3rd period - Shot Blocked by Nick Leddy.
6:40 of 3rd period - Off-side.
6:41 of 3rd period - Cody Hodgson wins face-off versus Derek Stepan in neutral zone.
6:47 of 3rd period - Minor Penalty to D.J King for Hooking.
6:48 of 3rd period - Cody Hodgson wins face-off versus Matt D'Agostini in Sasquatch zone.
6:50 of 3rd period - Snap shot by Stanislav Chistov.
6:50 of 3rd period - Shot Misses the Net.
7:27 of 3rd period - Shane Sims is hit by Cam Fowler and loses puck.
7:48 of 3rd period - Off-side.
7:49 of 3rd period - Stephane Da Costa wins face-off versus Cody Hodgson in neutral zone.
8:00 of 3rd period - Snap shot by Stephane Da Costa.
8:00 of 3rd period - Shot Misses the Net.
8:06 of 3rd period - Stephane Da Costa is hit by Brett Sterling and loses puck.
8:47 of 3rd period - Penalty to D.J King is over, D.J King is back on ice.
8:54 of 3rd period - Wrist shot by D.J King.
8:54 of 3rd period - Goal by D.J King - Senators : 4 - Sasquatch : 4.
8:55 of 3rd period - Mark Olver wins face-off versus Derek Stepan in neutral zone.
9:10 of 3rd period - Snap shot by Jack Skille.
9:10 of 3rd period - Shot Blocked by Yann Sauvé.
9:22 of 3rd period - Icing by Shane Sims.
9:23 of 3rd period - Nick Bjugstad wins face-off versus Kevin Porter in Senators zone.
10:08 of 3rd period - Wrist shot by Cody Hodgson.
10:08 of 3rd period - Stopped by Anders Lindback with a rebound.
10:15 of 3rd period - Slapshot by Cody Hodgson.
10:15 of 3rd period - Stopped by Anders Lindback with a rebound.
10:19 of 3rd period - Slapshot by Stanislav Chistov.
10:19 of 3rd period - Shot Blocked by Matt Niskanen.
10:21 of 3rd period - Snap shot by Brett Sterling.
10:21 of 3rd period - Goal by Brett Sterling - Senators : 5 - Sasquatch : 4.
10:22 of 3rd period - Derek Stepan wins face-off versus Vernon Fiddler in neutral zone.
10:29 of 3rd period - Slapshot by Derek Stepan.
10:29 of 3rd period - Stopped by Jonas Gustavsson with a rebound.
10:31 of 3rd period - Slapshot by Yann Sauvé.
10:31 of 3rd period - Shot Blocked by Nikita Alexeev.
10:33 of 3rd period - Slapshot by Cam Atkinson.
10:33 of 3rd period - Shot Blocked by Nikita Alexeev.
10:43 of 3rd period - Minor Penalty to Erik Karlsson for Interference.
10:44 of 3rd period - Vernon Fiddler wins face-off versus Derek Stepan in Senators zone.
12:43 of 3rd period - Penalty to Erik Karlsson is over, Erik Karlsson is back on ice.
13:03 of 3rd period - Snap shot by Vernon Fiddler.
13:03 of 3rd period - Shot Blocked by Kevin Klein.
13:11 of 3rd period - Slapshot by Nikita Alexeev.
13:11 of 3rd period - Shot Blocked by Stephane Da Costa.
13:41 of 3rd period - Slapshot by Erik Karlsson.
13:41 of 3rd period - Goal by Erik Karlsson - Senators : 6 - Sasquatch : 4.
13:42 of 3rd period - Cody Hodgson wins face-off versus Derek Stepan in neutral zone.
13:57 of 3rd period - Snap shot by Cody Hodgson.
13:57 of 3rd period - Shot Misses the Net.
14:21 of 3rd period - Shane Sims is hit by Yann Sauvé and loses puck.
14:36 of 3rd period - Wrist shot by Matt Frattin.
14:36 of 3rd period - Stopped by Anders Lindback with a rebound.
14:42 of 3rd period - Wrist shot by Mikael Backlund.
14:42 of 3rd period - Stopped by Jonas Gustavsson with a rebound.
14:54 of 3rd period - Jesper Fast is hit by Brett Sterling and loses puck.
15:19 of 3rd period - Slapshot by Ian Cole.
15:19 of 3rd period - Stopped by Jonas Gustavsson with a rebound.
15:21 of 3rd period - Slapshot by D.J King.
15:21 of 3rd period - Stopped by Jonas Gustavsson with a rebound.
15:23 of 3rd period - Wrist shot by Ian Cole.
15:23 of 3rd period - Stopped by Jonas Gustavsson with a rebound.
15:31 of 3rd period - Vladimir Mihalik is hit by D.J King.
15:43 of 3rd period - Linus Omark is hit by Erik Karlsson and loses puck.
16:04 of 3rd period - Slapshot by Kevin Klein.
16:04 of 3rd period - Shot Blocked by Nicolas Deslauriers.
16:12 of 3rd period - Wrist shot by Josh Bailey.
16:12 of 3rd period - Stopped by Jonas Gustavsson with a rebound.
16:14 of 3rd period - Slapshot by Nick Leddy.
16:14 of 3rd period - Stopped by Jonas Gustavsson without a rebound.
16:15 of 3rd period - Mark Olver wins face-off versus Cam Atkinson in Senators zone.
16:42 of 3rd period - Yann Sauvé is hit by Stanislav Chistov and loses puck.
17:41 of 3rd period - Wrist shot by Cam Atkinson.
17:41 of 3rd period - Shot Misses the Net.
17:43 of 3rd period - Slapshot by Kevin Klein.
17:43 of 3rd period - Deflect By Cody Hodgson.
17:43 of 3rd period - Stopped by Jonas Gustavsson with a rebound.
17:45 of 3rd period - Wrist shot by D.J King.
17:45 of 3rd period - Stopped by Jonas Gustavsson with a rebound.
17:57 of 3rd period - Wrist shot by D.J King.
17:57 of 3rd period - Stopped by Jonas Gustavsson with a rebound.
17:59 of 3rd period - Snap shot by Kevin Klein.
17:59 of 3rd period - Shot Misses the Net.
18:09 of 3rd period - Snap shot by Derek Stepan.
18:09 of 3rd period - Stopped by Jonas Gustavsson with a rebound.
18:33 of 3rd period - Wrist shot by D.J King.
18:33 of 3rd period - Stopped by Jonas Gustavsson without a rebound.
18:34 of 3rd period - Mark Olver wins face-off versus Mikael Backlund in Senators zone.
18:34 of 3rd period - Mark Olver is hit by Matt D'Agostini.
18:37 of 3rd period - Minor Penalty to Gabriel Bourque for Tripping.
18:38 of 3rd period - Kevin Porter wins face-off versus Vernon Fiddler in Senators zone.
18:44 of 3rd period - Snap shot by Linus Omark.
18:44 of 3rd period - Shot Misses the Net.
18:46 of 3rd period - Slapshot by Matt Niskanen.
18:46 of 3rd period - Shot Misses the Net.
18:48 of 3rd period - Wrist shot by Kevin Porter.
18:48 of 3rd period - Shot Misses the Net.
18:50 of 3rd period - Wrist shot by Matt D'Agostini.
18:50 of 3rd period - Stopped by Jonas Gustavsson without a rebound.
18:51 of 3rd period - Vernon Fiddler wins face-off versus Kevin Porter in Senators zone.
19:13 of 3rd period - Icing by Matt D'Agostini.
19:14 of 3rd period - Vernon Fiddler wins face-off versus Linus Omark in Sasquatch zone.
19:25 of 3rd period - Slapshot by Cam Fowler.
19:25 of 3rd period - Stopped by Jonas Gustavsson with a rebound.
19:27 of 3rd period - Slapshot by Matt Niskanen.
19:27 of 3rd period - Shot Misses the Net.
19:29 of 3rd period - Snap shot by Matt Niskanen.
19:29 of 3rd period - Stopped by Jonas Gustavsson with a rebound.
19:31 of 3rd period - Snap shot by Matt Niskanen.
19:31 of 3rd period - Shot Blocked by Vladimir Mihalik.
19:33 of 3rd period - Snap shot by Linus Omark.
19:33 of 3rd period - Stopped by Jonas Gustavsson without a rebound.
19:34 of 3rd period - Vernon Fiddler wins face-off versus Linus Omark in Senators zone.
Goals for this period are 3 for Senators vs 1 for Sasquatch.
Shots for this period are 9 for Senators vs 19 for Sasquatch.
Output by the SimonT Hockey Simulator (STHS) for François Prévost -- Original Page W3C XHTML 1.0 Valid